cohdb
Replays
Latest Replays
All Replays
Popular Replays
Top Player Replays
Match Explorer
How It Works
Community
CoH3 Stats
Reddit
Sign in to upload your games and track your stats! →
Sign in with Steam
Match 37788371
Unlisted
Match 37788371
Overview
Messages
Build Orders
End
Vickers Machine Gun Team
Construct Section Command Post
Vickers Machine Gun Team
Infantry Section
ML 3-inch Mortar Team
Infantry Section
Construct Platoon Command Post
Unlock Bishop Self-propelled Artillery
6-pounder Anti-tank Gun Team
Bishop Self-propelled Artillery
Infantry Section
Uncle_Sam
Specon [UA]
Joker [UA]
[\|/] donhome [UA]
UH|dun! ツ
UH|ck
insane
iceman
0
0
Comments
sign in to comment!
No comments posted yet!